 Dungeon Crawl Stone Soup version 0.30.1-4-g462c640d31 (webtiles) character file.

Game seed: 7263325703135745070

4532 Sneal the Thaumaturge (level 10, 0/50 HPs)
             Began as a Deep Elf Fire Elementalist on Aug 26, 2023.
             Was a Believer of Vehumet.
             Shot with a bolt by an orc warrior (21 damage)
             ... on level 9 of the Dungeon on Aug 27, 2023.
             The game lasted 01:53:42 (9500 turns).

Sneal the Thaumaturge (Deep Elf Fire Elementalist)  Turns: 9500, Time: 01:53:43

Health: 0/50       AC:  8    Str:  5    XL:     10   Next: 17%
Magic:  23/25      EV: 14    Int: 25    God:    Vehumet [**....]
Gold:   436        SH:  5    Dex: 15    Spells: 16/27 levels left

rFire   . . .        b - staff of conjuration
rCold   . . .        (no shield)
rNeg    . . .        l - +2 robe {Will+}
rPois   .            h - +0 helmet
rElec   .            r - +0 cloak
rCorr   +            E - +0 pair of gloves
SInv    .            M - +0 pair of boots
Will    +++..        k - amulet of reflection
Stlth   +++          n - ring of willpower
HPRegen 0.28/turn    G - ring of resist corrosion
MPRegen 0.19/turn

%: reflection
@: no status effects
A: no striking features
a: Renounce Religion


You were on level 9 of the Dungeon.
You worshipped Vehumet.
Vehumet was pleased with you.
You visited 2 branches of the dungeon, and saw 10 of its levels.

You collected 436 gold pieces.

Inventory:

Hand Weapons
 a - a +3 dagger of draining
 f - a +2 whip of venom
 x - a +0 short sword
 C - the +4 spear "Beetle's Regret" {freeze, rCorr Dex+5}
   (You found it on level 6 of the Dungeon)

   Dex:       It affects your dexterity (+5).
   rCorr:     It protects you from acid and corrosion.
Missiles
 u - 15 boomerangs (quivered)
 B - 2 throwing nets
Armour
 c - a +0 robe
 h - a +0 helmet (worn)
 j - a +2 leather armour of cold resistance
 l - a +2 robe of willpower (worn)
 r - a +0 cloak (worn)
 E - a +0 pair of gloves (worn)
 M - a +0 pair of boots (worn)
Magical Staves
 b - a staff of conjuration (weapon)
Jewellery
 k - an amulet of reflection (around neck)
 n - a ring of willpower (left hand)
 A - an amulet of guardian spirit
 G - a ring of resist corrosion (right hand)
 I - a ring of positive energy
Wands
 K - a wand of paralysis (8)
Scrolls
 e - 4 scrolls of fog
 g - 2 scrolls of blinking {unknown}
 i - 2 scrolls of noise {unknown}
 m - 6 scrolls of enchant weapon
 o - 2 scrolls of magic mapping {unknown}
 s - 6 scrolls of teleportation
 t - a scroll of butterflies {unknown}
 v - 2 scrolls of amnesia {unknown}
 w - a scroll of silence {unknown}
 y - a scroll of immolation {unknown}
 H - a scroll of acquirement {unknown}
 J - a scroll of enchant armour {unknown}
Potions
 d - 2 potions of might
 p - 2 potions of magic
 q - 2 potions of haste
 z - a potion of brilliance {unknown}
 D - a potion of invisibility {unknown}
 F - a potion of heal wounds
 L - a potion of mutation {unknown}


   Skills:
 + Level 4.2 Short Blades
 + Level 4.1 Staves
 + Level 5.8 Dodging
 + Level 6.3 Stealth
 * Level 9.0 Spellcasting
 + Level 4.9 Conjurations
 + Level 5.2 Hexes
 + Level 7.5 Fire Magic
 + Level 1.7 Air Magic
 + Level 4.5 Evocations


You had 16 spell levels left.
You knew the following spells:

 Your Spells              Type           Power      Damage    Failure   Level
a - Foxfire               Conj/Fire      100%       2x1d9     1%          1
b - Scorch                Fire           98%        2d9       1%          2
c - Inner Flame           Hex/Fire       43%        N/A       1%          3
d - Magic Dart            Conj           100%       1d8       1%          1
e - Volatile Blastmotes   Fire/Tloc      60%        2d15      3%          3
f - Shock                 Conj/Air       100%       1d9       1%          1

Your spell library contained the following spells:

 Spells                   Type           Power      Damage    Failure   Level
 Static Discharge         Conj/Air       84%        2-6/arc   1%          2
 Flame Wave               Conj/Fire      59%        2d14      4%          4
 Beastly Appendage        Tmut           22%        N/A       5%          1
 Sandblast                Erth           22%        2d7       5%          1
 Sting                    Tmut/Pois      44%        1d5       5%          1


Dungeon Overview and Level Annotations

Branches:
Dungeon (9/15)             Temple (1/1) D:7
   Lair: D:8-11         Orc: D:9-12

Altars:
Ashenzari
Cheibriados
Dithmenos
Fedhas
Gozag
Hepliaklqana
Kikubaaqudgha
Makhleb
Nemelex Xobeh
Okawaru
Qazlal
Ru
Sif Muna
Trog
Uskayaw
Vehumet
Wu Jian
Xom
Zin
The Shining One

Shops:
D:2 [


Message History

The centaur warrior is engulfed in blazing flames.
Flame seeps out of the centaur warrior.
The centaur warrior shoots an arrow.
The arrow closely misses you.
The centaur warrior is engulfed in blazing flames.
Vehumet accepts your kill.
You feel your power returning.
The centaur warrior explodes!
You hear an angry buzzing noise.
Your Spellcasting skill increases to level 9!
Things that are here:
a +0 great mace; a +0 giant club You see here a +0 shortbow.
Things that are here:
a +0 great mace; a +0 giant club You start resting.
Magic restored.
You start resting.
An orc comes into view.
It is wielding the +8 trident of the Octopus King {venom, rElec rPois}.
An orc warrior comes into view. It is wielding a +0 long sword.
Casting: Foxfire (safe; 1% risk of failure)
Confirm with . or Enter, or press ? or * to list all spells.
You feel a surge of power!
You conjure some foxfire!
The orc warrior shouts!
The orc warrior unwields a +0 long sword.
The orc warrior wields a +0 arbalest.
The orc warrior shoots a bolt.
The bolt hits you!
The foxfire hits the orc.
The orc is lightly wounded.
The foxfire hits the orc.
You kill the orc!
Vehumet accepts your kill.
Casting: Foxfire (safe; 1% risk of failure)
Confirm with . or Enter, or press ? or * to list all spells.
You feel a surge of power!
You conjure some foxfire!
An orc comes into view. It is wielding a +0 hand axe.
The foxfire hits the orc warrior but does no damage.
The foxfire hits the orc warrior.
The orc warrior is lightly wounded.
The orc warrior shoots a bolt.
The bolt hits you!!
You die...

#.....# #.. ...# .#
......####.##..##.
#.
.......##<....o.....
#.......#..#.....
#.....o##..##....
##.....#)....#.#
#.....§........#.
...#.....§..........
#......@§.##........
##.........#........
######.............
#..#.##.......
#..#.# #.#....
#..... ##....
###..#. ... #.# ..
..


You could see an orc warrior and an orc.

Vanquished Creatures
  A centaur warrior (D:9)
  A two-headed ogre (D:9)
  Prince Ribbit (D:6)
  A wyvern (D:5)
  Sigmund (D:5)
  3 steam dragons
  2 water moccasins
  An orc warrior (D:7)
  A black bear (D:6)
  3 centaurs
  An ogre (D:6)
  2 phantoms
  2 kobold brigands (D:7)
  2 gnoll sergeants
  5 wights (D:7)
  5 killer bees (D:7)
  A crimson imp (D:7)
  4 hounds
  3 orc priests
  2 iguanas
  3 jellies
  Crazy Yiuf (D:2)
  A sleepcap (D:8)
  4 orc wizards
  Robin (D:3)
  13 gnolls
  6 adders
  3 shadow imps
  A white imp (D:5)
  A worm (D:3)
  29 orcs
  5 ball pythons
  9 endoplasms
  A giant cockroach (D:1)
  10 hobgoblins
  4 quokkas
  4 bats
  4 frilled lizards
  15 goblins
  17 kobolds
  10 rats
184 creatures vanquished.

Vanquished Creatures (others)
  313 foxfires
313 creatures vanquished.

Grand Total: 497 creatures vanquished

Notes
Turn   | Place    | Note
-------+----------+-------------------------------------------
     0 | D:1      | Sneal the Deep Elf Fire Elementalist began the quest for
                  | the Orb.
     0 | D:1      | Reached XP level 1. HP: 10/10 MP: 6/6
   475 | D:1      | Reached XP level 2. HP: 15/15 MP: 6/8
   478 | D:1      | Learned a level 2 spell: Scorch
   901 | D:2      | Reached XP level 3. HP: 19/19 MP: 6/10
  1111 | D:2      | Reached XP level 4. HP: 24/24 MP: 7/11
  1166 | D:2      | Reached skill level 1 in Short Blades
  1215 | D:2      | Found Plog's Antique Armour Boutique.
  1268 | D:2      | Got Hihisid's Starting Mysticism
  1428 | D:2      | Found a runed translucent door.
  1429 | D:2      | Noticed Crazy Yiuf
  1437 | D:2      | Killed Crazy Yiuf
  1438 | D:2      | Reached skill level 4 in Spellcasting
  1765 | D:2      | You fall into a shaft and drop 1 floor!
  2543 | D:3      | Reached XP level 5. HP: 28/28 MP: 11/13
  2560 | D:3      | Noticed Robin
  2568 | D:3      | Killed Robin
  2860 | D:3      | Learned a level 3 spell: Inner Flame
  3035 | D:4      | Found a radiant altar of Vehumet.
  3035 | D:4      | Found an ancient bone altar of Kikubaaqudgha.
  3036 | D:4      | Found a shimmering blue altar of Sif Muna.
  3063 | D:4      | Got Vehumet's Guidebook on Blasts
  3066 | D:4      | Learned a level 1 spell: Magic Dart
  3067 | D:4      | Became a worshipper of Vehumet
  3884 | D:5      | Entered Level 5 of the Dungeon
  4036 | D:5      | Noticed a phantom
  4040 | D:5      | Killed a phantom
  4041 | D:5      | Reached skill level 1 in Evocations
  4165 | D:5      | Reached skill level 1 in Staves
  4165 | D:5      | Reached skill level 1 in Hexes
  4165 | D:5      | Reached XP level 6. HP: 28/32 MP: 10/15
  4180 | D:5      | Found a hide-covered altar of Uskayaw.
  4232 | D:5      | Found an iron altar of Okawaru.
  4767 | D:5      | Noticed a wyvern
  4779 | D:5      | Reached skill level 5 in Spellcasting
  4779 | D:5      | Killed a wyvern
  4780 | D:5      | Reached XP level 7. HP: 32/36 MP: 2/17
  5026 | D:5      | Noticed Sigmund
  5160 | D:5      | Killed Sigmund
  5161 | D:5      | Reached skill level 5 in Fire Magic
  5552 | D:6      | Identified the +4 spear "Beetle's Regret" {freeze, rCorr
                  | Dex+5}
  5768 | D:6      | Noticed Prince Ribbit
  5773 | D:6      | Reached skill level 6 in Spellcasting
  5774 | D:6      | Noticed a steam dragon
  5868 | D:6      | Reached * piety under Vehumet
  5868 | D:6      | Offered knowledge of Freeze by Vehumet.
  5924 | D:6      | Killed Prince Ribbit
  5925 | D:6      | Reached XP level 8. HP: 41/41 MP: 13/19
  6245 | D:6      | Reached skill level 5 in Stealth
  6245 | D:6      | Reached skill level 7 in Spellcasting
  6886 | D:7      | Found a staircase to the Ecumenical Temple.
  6893 | Temple   | Entered the Ecumenical Temple
  7088 | D:7      | Reached XP level 9. HP: 45/45 MP: 13/22
  7177 | D:6      | Learned a level 3 spell: Volatile Blastmotes
  7468 | D:7      | Reached skill level 5 in Dodging
  7494 | D:7      | Reached ** piety under Vehumet
  7717 | D:7      | Offered knowledge of Shock by Vehumet.
  7812 | D:7      | Found a snail-covered altar of Cheibriados.
  7812 | D:7      | Found a shadowy altar of Dithmenos.
  7983 | D:7      | Learned a level 1 spell: Shock
  8001 | D:7      | Reached skill level 8 in Spellcasting
  8627 | D:7      | Found a burning altar of Makhleb.
  9281 | D:8      | Offered knowledge of Static Discharge by Vehumet.
  9412 | D:9      | Reached skill level 1 in Air Magic
  9446 | D:9      | Noticed a two-headed ogre
  9457 | D:9      | Killed a two-headed ogre
  9458 | D:9      | Reached skill level 5 in Hexes
  9458 | D:9      | Reached XP level 10. HP: 50/50 MP: 20/24
  9476 | D:9      | Noticed a centaur warrior
  9484 | D:9      | Killed a centaur warrior
  9485 | D:9      | Reached skill level 9 in Spellcasting
  9500 | D:9      | Shot with a bolt by an orc warrior

Illustrated notes

Levels and vault maps discovered:
D:1:      reono_arrival_mine, layout_loops_ring, minmay_cut_off
D:2:      layout_basic, serial_shops, nicolae_shop_advertising_works
          [nicolae_subvault_shop_adworks], wad_floor_pattern_untrapped,
          small_statue_intersection, kennysheep_cross_room,
          grunt_decor_one_mirror, uniq_crazy_yiuf_cottage
D:3:      layout_loops_ring, uniq_robin
D:4:      nicolae_cairo_tiling_large, layout_loops_ring,
          grunt_temple_overflow_magic_moments, st_stairs_5
D:5:      layout_loops_ring, mainiacjoe_overflow_surrounded_room,
          mainiacjoe_overflow_alcove_2, minmay_small_thing, uniq_sigmund
D:6:      layout_rooms, uniq_prince_ribbit1
D:7:      layout_cave_pools, makhleb_grotto_becter,
          chequers_temple_overflow_statue_of_worship,
          minmay_temple_entry_arrows, serial_glass, glass_columns_c,
          glass_columns_a
D:8:      layout_rooms
D:9:      layout_cave_pools, erik_orc_1
Temple:   nicolae_temple_godzebo

Skill      XL: |  1  2  3  4  5  6  7  8  9 10 |
---------------+-------------------------------+-----
Dodging        | 3 4 5 |  5.8
Stealth        | 3 4 5 6 |  6.3
Short Blades   | 1 2 3 4 |  4.2
Spellcasting   | 4 5 6 7 8 9 |  9.0
Fire Magic     | 4 5 6 7 |  7.5
Conjurations   | 2 3 4 |  4.9
Evocations     | 1 2 3 4 |  4.5
Staves         | 1 2 3 4 |  4.1
Hexes          | 1 2 3 5 |  5.2
Air Magic      | 1 |  1.7

Action                     |  1- 3 |  4- 6 |  7- 9 | 10-12 || total
---------------------------+-------+-------+-------+-------++-------
  Melee: Short sword       |     9 |     6 |       |       ||    15
         Staff             |       |    10 |     3 |       ||    13
         Dagger            |       |     2 |     7 |       ||     9
  Throw: Boomerang         |       |       |     3 |       ||     3
   Cast: Foxfire           |    29 |    53 |   140 |     4 ||   226
         Scorch            |     7 |    28 |    31 |       ||    66
         Magic Dart        |       |     3 |    36 |       ||    39
         Inner Flame       |       |     1 |    25 |     1 ||    27
         Shock             |       |       |    10 |       ||    10
         Volatile Blastmot |       |       |     4 |       ||     4
    Use: Scroll            |     1 |     6 |     6 |       ||    13
         Potion            |       |     2 |     3 |       ||     5
   Stab: Sleeping          |     1 |     5 |       |       ||     6
 Armour: Robe              |     9 |    10 |    25 |       ||    44
  Dodge: Dodged            |    37 |    37 |    75 |     1 ||   150
  Block: Other             |       |     9 |    34 |     1 ||    44
         Reflection        |       |       |    11 |     1 ||    12
